 Dungeon Crawl Stone Soup version 0.27.1-1-g398f81649c (webtiles) character file.

Game seed: 2465833525303015789

611 nxtlvl the Cutter (level 7, -2/40 HPs)
             Began as a Deep Elf Monk on Sept 20, 2021.
             Was a Believer of Vehumet.
             Slain by an orc wizard (3 damage)
             ... on level 4 of the Dungeon.
             The game lasted 00:32:11 (2305 turns).

nxtlvl the Cutter (Deep Elf Monk)                   Turns: 2305, Time: 00:32:12

Health: -2/40      AC:  5    Str: 14    XL:     7   Next: 20%
Magic:  10/10      EV: 13    Int: 23    God:    Vehumet [**....]
Gold:   134        SH:  0    Dex: 17    Spells: 1/8 levels left

rFire    . . .     SeeInvis .   a - +0 short sword
rCold    . . .     Faith    .   (no shield)
rNeg     . . .     Spirit   .   c - +0 ring mail
rPois    .         Reflect  .   (no helmet)
rElec    .         Harm     .   (no cloak)
rCorr    .         Rampage  .   (no gloves)
Will     .....                  (no boots)
Stlth    ++........             (no amulet)
HPRegen  0.13/turn              k - +6 ring of strength
MPRegen  0.12/turn              n - +6 ring of intelligence

@: brilliant
A: no striking features
a: Renounce Religion


You were on level 4 of the Dungeon.
You worshipped Vehumet.
Vehumet was pleased with you.
You visited 2 branches of the dungeon, and saw 6 of its levels.
You also visited: Sewer.

You collected 134 gold pieces.

Inventory:

Hand Weapons
 a - a +0 short sword (weapon)
 b - a +0 shortbow
Missiles
 g - 5 silver boomerangs
 j - 21 arrows
 q - 5 poisoned darts (quivered)
Armour
 c - a +0 ring mail (worn)
 y - a +0 cloak
Magical Staves
 u - a staff of fire
Jewellery
 k - a +6 ring of strength (left hand)
 n - a +6 ring of intelligence (right hand)
Wands
 o - a wand of flame (4)
Scrolls
 d - a scroll of enchant weapon
 e - a scroll of teleportation
 f - a scroll of amnesia {unknown}
 h - a scroll of silence
 m - a scroll of blinking {unknown}
 p - 2 scrolls of noise {unknown}
 t - a scroll of enchant armour {unknown}
 w - a scroll of torment {unknown}
Potions
 i - 2 potions of flight
 l - a potion of magic
 r - a potion of cancellation
 s - a potion of mutation
Miscellaneous
 v - a tin of tremorstones (inert)


   Skills:
 + Level 2.9 Fighting
 * Level 7.4 Short Blades
 + Level 5.0 Dodging
 - Level 2.4 Stealth
 - Level 1.0 Spellcasting
 + Level 0.5 Conjurations
 + Level 0.6 Earth Magic


You had one spell level left.
You knew the following spells:

 Your Spells              Type           Power      Damage    Failure   Level
x - Iron Shot             Conj/Erth      2%         9d2       100%        6
z - Freeze                Ice            4%         1d3       28%         1

Your spell library contained the following spells:

 Spells                   Type           Power      Damage    Failure   Level
 Poisonous Vapours        Pois/Air       2%         N/A       41%         2
 Animate Armour           Summ/Erth      6%         N/A       95%         4
 Blade Hands              Tmut           0%         N/A       100%        5


Dungeon Overview and Level Annotations

Branches:
Dungeon (5/15)             Temple (1/1) D:4           Sewer (visited)

Altars:
Ashenzari
Cheibriados
Fedhas
Gozag
Kikubaaqudgha
Nemelex Xobeh
Sif Muna
Uskayaw
Vehumet
Xom
Yredelemnul
Zin

Shops:
D:1 =:


Message History

You barely miss the orc wizard.
The orc wizard is heavily wounded.
The orc wizard misses you.
You hit the orc wizard.
The orc wizard is severely wounded.
The orc wizard misses you.
You closely miss the orc wizard.
The orc wizard is severely wounded.
The orc wizard casts a spell at you.
You easily resist.
You hit the orc wizard but do no damage.
The orc wizard is severely wounded.
You barely miss the orc wizard.
The orc wizard is severely wounded.
The orc wizard barely misses you.
You barely miss the orc wizard.
The orc wizard is severely wounded.
The orc wizard hits you but does no damage.
You closely miss the orc wizard.
The orc wizard is severely wounded.
The orc wizard barely misses you.
You barely miss the orc wizard.
The orc wizard is severely wounded.
You closely miss the orc wizard.
The orc wizard is severely wounded.
The orc wizard misses you.
You closely miss the orc wizard.
The orc wizard is severely wounded.
The orc wizard barely misses you.
You completely miss the orc wizard.
The orc wizard is severely wounded.
You closely miss the orc wizard.
The orc wizard is severely wounded.
The orc wizard casts a spell at you. The puff of flame hits you!
* * * LOW HITPOINT WARNING * * *
You hit the orc wizard but do no damage.
The orc wizard is severely wounded.
The orc wizard hits you with a +0 dagger.
You die...

###..###..##.## #..###..))..###
##.....###....## ##...###..#.)..
##....#..##.....######......#####
..............#....)...##....#
####.####.........# # #..##.##
##.###....###.#......#.###...
#..##..#### #.######......... .
#.....## #.##....###...#####
##.##### ##.@o.## #.⌠.# # #..#
#......#####...#####
##..##########.####.##...........
#..##..........# #....⌠..>..⌠.#
#(.##........### ##...........#
#(###........# ##.###...#### #.#
#........#### ### #.⌠.#
#####........[..### #...#####
..........##...#########......


You could see an orc wizard.

Vanquished Creatures
  Menkaure (D:4)
  A water moccasin (Sewer)
  A centaur (D:5)
  A scorpion (D:5)
  A hound (D:4)
  An orc priest (D:5)
  A hound zombie (D:5)
  3 gnolls (D:4)
  2 howler monkey skeletons (D:5)
  3 adders
  A worm (D:5)
  2 dart slugs
  4 orcs
  4 ball pythons
  3 bats
  5 endoplasms
  8 giant cockroaches
  2 goblins
  10 hobgoblins
  7 jackals
  9 kobolds
  5 quokkas
  4 frilled lizards
  A jackal skeleton (D:4)
  A quokka skeleton (D:4)
81 creatures vanquished.

Vanquished Creatures (others)
  4 toadstools (D:1)
4 creatures vanquished.

Grand Total: 85 creatures vanquished

Notes
Turn   | Place    | Note
-------+----------+-------------------------------------------
     0 | D:1      | nxtlvl the Deep Elf Monk began the quest for the Orb.
     0 | D:1      | Reached XP level 1. HP: 13/13 MP: 3/3
   100 | D:1      | Reached XP level 2. HP: 16/18 MP: 4/4
   222 | D:1      | Found Veraaf's Jewellery Shoppe.
   252 | D:1      | Found Zoqiac's Book Emporium.
   284 | D:1      | Reached skill level 4 in Short Blades
   524 | D:3      | Reached XP level 3. HP: 22/22 MP: 5/5
   674 | D:2      | Found a faded altar of an unknown god.
   850 | D:3      | Found a glowing drain.
   889 | Sewer    | Entered a sewer
   969 | Sewer    | Noticed a water moccasin
   975 | Sewer    | Killed a water moccasin
   976 | Sewer    | Reached skill level 6 in Short Blades
   976 | Sewer    | Reached XP level 4. HP: 20/27 MP: 6/6
   976 | Sewer    | Reached XP level 5. HP: 23/31 MP: 7/7
  1276 | D:4      | Noticed Menkaure
  1455 | D:4      | Killed Menkaure
  1456 | D:4      | Reached XP level 6. HP: 20/36 MP: 8/8
  1542 | D:4      | Found a staircase to the Ecumenical Temple.
  1553 | Temple   | Entered the Ecumenical Temple
  1573 | Temple   | Became a worshipper of Vehumet
  1573 | Temple   | Reached * piety under Vehumet
  1573 | Temple   | Offered knowledge of Freeze by Vehumet.
  1573 | Temple   | Reached ** piety under Vehumet
  1576 | Temple   | Learned a level 1 spell: Freeze
  1613 | D:5      | Entered Level 5 of the Dungeon
  1633 | D:5      | Offered knowledge of Poisonous Vapours by Vehumet.
  1659 | D:5      | Reached skill level 7 in Short Blades
  1680 | D:5      | Noticed a kobold demonologist
  1697 | D:5      | Reached skill level 1 in Spellcasting
  1809 | D:4      | Learned a level 6 spell: Iron Shot
  1855 | D:4      | Reached XP level 7. HP: 12/40 MP: 10/10
  2122 | D:4      | Reached skill level 5 in Dodging
  2304 | D:4      | HP: 1/40 [orc wizard/puff of flame (7)]
  2305 | D:4      | Slain by an orc wizard

Illustrated notes

Levels and vault maps discovered:
D:1:      ldierk_walled_garden_2, layout_rooms, serial_shops, shop,
          nicolae_shop_trees, minmay_misc_feat_columns, kennysheep_another_room
D:2:      layout_basic, hellmonk_ecumenical_altar_lost_god
D:3:      layout_basic, gup_sewer_entry_pipe, kennysheep_small_spiral,
          nrook_loot_triangle
D:4:      layout_rooms, minmay_temple_entry_junction, uniq_menkaure
D:5:      layout_cave_pools, roderic_roman_lattice
Temple:   regret_index_temple_chain_breaker

Skill      XL: |  1  2  3  4  5  6  7 |
---------------+----------------------+-----
Short Blades   | 4 6 7 |  7.4
Dodging        | 4 5 |  5.0
Spellcasting   | 1 |  1.0
Fighting       | |  2.9
Stealth        | |  2.4
Conjurations   | |  0.5
Earth Magic    | |  0.6

Action                   |  1- 3 |  4- 6 |  7- 9 || total
-------------------------+-------+-------+-------++-------
Melee: Short sword       |   158 |    93 |    82 ||   333
 Fire: Shortbow          |       |     1 |    14 ||    15
Throw: Dart              |       |    14 |       ||    14
Evoke: Wand              |     4 |     7 |       ||    11
       Tin of tremorston |       |     1 |     2 ||     3
  Use: Scroll            |     4 |     4 |       ||     8
       Potion            |       |     2 |     1 ||     3
 Stab: Sleeping          |     6 |     4 |       ||    10
       Distracted        |       |     1 |       ||     1
Armor: Ring mail         |    31 |    40 |    15 ||    86
Dodge: Dodged            |    55 |    64 |    56 ||   175
